[Event "*** Titled Tuesday Blitz"]
[Site "Chess.com"]
[Date "2020.05.12"]
[Round "8"]
[White "Zubrrr"]
[Black "dianosky"]
[Result "1-0"]
[WhiteElo "2639"]
[BlackElo "2404"]
[TimeControl "180+1"]
[EndTime "11:33:07 PDT"]
[Termination "Zubrrr won by checkmate"]

1. d4 d5 2. c4 dxc4 3. e3 a6 4.
Bxc4 Nf6 5. Nf3 b5 6. Bb3 e6 7. a4 b4 8. O-O c5 9. Qe2 Bb7 10. Rd1 Nbd7 11. Nbd2 cxd4 12. Nxd4 Be7 13. Nc4 O-O 14. a5 Qc7 15. Bd2 Nc5 16. Bc2 Nce4 17. Be1 Rac8 18. Nb6 Rcd8 19. f3 Nc5 20. Bxb4 Bd6 21. g3 g6 22. Rac1 Qe7 23. Be1 e5 24.
Nb3 Nxb3 25. Bxb3 Bc5 26. Na4 Ba7 27. Nb6 Rxd1 28. Rxd1 Bxb6 29. axb6 Qc5 30. Bf2 Qxb6 31. Bc4 e4 32. f4 Bc8 33. Rd4 Bg4 34. Qd2 Bf3 35.
Rd6 Qc7 36. b3 Ng4 37. Be1 Qc5 38. Rd4 h5 39. h3 Nh6 40. Rd8 Rxd8 41. Qxd8+ Kg7 42.
Bc3+ f6 43. Qxf6+ Kh7 44. Qh8# 1-0

[Event "*** Titled Tuesday Blitz"]
[Site "Chess.com"]
[Date "2020.05.12"]
[Round "8"]
[White "Baby_Legs"]
[Black "Andreikka"]
[Result "0-1"]
[WhiteElo "2735"]
[BlackElo "2944"]
[TimeControl "180+1"]
[EndTime "11:33:08 PDT"]
[Termination "Andreikka won by resignation"]

1. d4 Nf6 2. c4 e6 3. Nc3 Bb4 4.
Qc2 d5 5. cxd5 Qxd5 6. Nf3 Qf5 7.
Qb3 Nc6 8. e3 O-O 9. Be2 a5 10.
O-O e5 11. a3 Bd6 12. dxe5 Nxe5 13. Nd4 Qd7 14. Rd1 Qe7 15. Ndb5 Bc5 16. Na4 Bg4 17. f3 Bd7 18. Nxc5 Qxc5 19. Nd4 a4 20. Qc2 Qb6 21. Bd2 c5 22. Nf5 Nd5 23. Ng3 Rfe8 24. Kh1 c4 25. e4 Ne3 26. Qc1 Nxd1 27. Bxd1 Nd3 28. Be3 Qxb2 29. Qxb2 Nxb2 30. Bc2 c3 31. Ne2 Nc4 32.
Bd4 Rec8 33. Nxc3 b5 34. Nd5 Nxa3 35. Ne7+ Kf8 36. Nxc8 Nxc2 37. Bc5+ Kg8 38. Rd1 Rxc8 39. Rxd7 b4 40. h4 h6 41. Bxb4 Nxb4 42. Rd4 Rb8 0-1

[Event "*** Titled Tuesday Blitz"]
[Site "Chess.com"]
[Date "2020.05.12"]
[Round "8"]
[White "ClassyEl"]
[Black "Aygehovit1992"]
[Result "0-1"]
[WhiteElo "2521"]
[BlackElo "2686"]
[TimeControl "180+1"]
[EndTime "11:33:08 PDT"]
[Termination "Aygehovit1992 won by checkmate"]

1. d4 d6 2. Nf3 g6 3. c4 Bg7 4. Nc3 Bf5 5. e4 Bg4 6. Be3 Bxf3 7.
gxf3 e5 8. d5 Nf6 9. h4 Nh5 10.
Qd2 O-O 11. Bh3 Qxh4 12. O-O-O Nf4 13. Bc8 Qxh1 14. Rxh1 Rxc8 15. Ne2 Nxe2+ 16. Qxe2 Nd7 17. Qd2 Re8 18. Bh6 Nf8 19. Bxg7 Kxg7 20. f4 f6 21. f3 Re7 22. Qh2 Kg8 23. Qh4 Rf7 24. Kc2 Re8 25.
b4 f5 26. fxe5 Rxe5 27. Rh2 b6 28. Kb3 a6 29. Ka4 fxe4 30. fxe4 g5 31. Rg2 Rg7 32. Qg4 h6 33. Rf2 Ng6 34. Rf6 Kh7 35. Re6 Re7 36.
Rxe5 Nxe5 37. Qf5+ Kg7 38. Qc8 Nxc4 39. Qxa6 Rxe4 40. Qc8 Re7 41. Kb5 Ne3 42. Kc6 g4 43. a4 g3 44. Qh3 g2 45. Qg3+ Kh7 46. a5 bxa5 47. bxa5 Rg7 48. Qxe3 g1=Q 49. Qe4+ Qg6 50. Qe2 Qb1 51. a6 Qb6# 0-1

[Event "*** Titled Tuesday Blitz"]
[Site "Chess.com"]
[Date "2020.05.12"]
[Round "8"]
[White "karinachess1"]
[Black "hongnhung1234"]
[Result "1-0"]
[WhiteElo "2456"]
[BlackElo "2261"]
[TimeControl "180+1"]
[EndTime "11:33:08 PDT"]
[Termination "karinachess1 won by checkmate"]

1. e4 c5 2. Nf3 e6 3. d4 cxd4 4. Nxd4 Nc6 5. Nc3 Qc7 6. Be2 a6 7. O-O Nf6 8. Be3 Be7 9. f4 d6 10. Kh1 O-O 11. Qe1 Nxd4 12. Bxd4 Bd7 13. Qg3 Bc6 14.
Bf3 Rfe8 15. Rae1 b5 16. e5 dxe5 17. fxe5 Nd7 18. Ne4 Bf8 19. Nd6 Bxf3 20. Qxf3 Nxe5 21. Nxe8 Rxe8 22. Bxe5 Qa7 23. c3 f6 24. Bd4 Qc7 25. Qg4 e5 26. Be3 Kh8 27. Rd1 Bd6 28. Rd5 Bf8 29. Rfd1 Qa5 30. a3 Qc7 31. Rd7 Qc8 32.
Qf5 Qa8 33. Bh6 Qc8 34. Be3 Qc6 35. Rd8 Be7 36. Rxe8+ Qxe8 37. Qd7 Qf8 38. Qe6 h6 39. Rd7 Bc5 40. Bxc5 Qxc5 41. Qf7 g5 42. Qg7# 1-0

[Event "*** Titled Tuesday Blitz"]
[Site "Chess.com"]
[Date "2020.05.12"]
[Round "8"]
[White "The_Machine04"]
[Black "Ashedu66"]
[Result "1-0"]
[WhiteElo "2300"]
[BlackElo "2127"]
[TimeControl "180+1"]
[EndTime "11:33:08 PDT"]
[Termination "The_Machine04 won by resignation"]

1. d4 d5 2. Bf4 Nf6 3. e3 g6 4. Nc3 a6 5. h4 c5 6. Nf3 Nc6 7. a3 b6 8. Ne5 Bb7 9. Nxc6 Bxc6 10. Be5 h5 11. Bd3 Bg7 12. Qf3 Qd7 13. Qg3 O-O 14. Qf3 c4 15. Be2 b5 16. Bxf6 Bxf6 17.
g4 Qxg4 18. Qxg4 hxg4 19. Bxg4 Kg7 20. h5 Rh8 21. Ke2 Rh6 22. hxg6 fxg6 23. Rxh6 Kxh6 24. Rh1+ Kg7 25. Be6 Rd8 26. Rg1 a5 27. Bf5 Be8 28. f4 b4 29. axb4 axb4 30. Nd1 Kh7 31. Rh1+ Kg7 32. Rg1 Kh7 33. Be6 Kg7 34. Nf2 Bf7 35.
Bf5 e6 36. Bg4 Ra8 37. Bf3 Ra2 38. Rb1 g5 39. fxg5 Bxg5 40. e4 c3 41. Nd3 cxb2 42.
Rxb2 dxe4 43. Rxa2 exf3+ 44. Kxf3 e5 45. Ra7 exd4 46.
Ne5 Kf6 47. Nxf7 1-0

[Event "*** Titled Tuesday Blitz"]
[Site "Chess.com"]
[Date "2020.05.12"]
[Round "8"]
[White "SCIM"]
[Black "Hippotaner"]
[Result "1/2-1/2"]
[WhiteElo "2539"]
[BlackElo "2369"]
[TimeControl "180+1"]
[EndTime "11:33:09 PDT"]
[Termination "Game drawn by repetition"]

1. d4 Nf6 2. c4 e6 3. g3 c5 4. d5 exd5 5. cxd5 d6 6. Nc3 g6 7. Nf3 Bg7 8. Bg2 O-O 9. O-O Re8 10. Re1 Ne4 11. Nxe4 Rxe4 12. Nd2 Rb4 13. a3 Rxb2 14.
Bxb2 Bxb2 15. Rb1 Bg7 16. a4 Na6 17. Nc4 Nb4 18. Qd2 a6 19. Rxb4 cxb4 20. Qxb4 b5 21.
Na5 Qb6 22. Nc6 Bf8 23. a5 Qc7 24. h4 Bb7 25. Qf4 Re8 26. e3 Bxc6 27. dxc6 Qxa5 28. Rc1 Qc7 29. Bd5 a5 30. h5 a4 31. hxg6 hxg6 32. Qf6 b4 33. Qxg6+ Bg7 34. Qg4 Rb8 35. Kg2 b3 36. Rh1 b2 37. Be4 a3 38. Rh7 f5 39. Qxf5 Qf7 40. Bd5 Qxd5+ 41. Qxd5+ Kxh7 42.
Qf5+ Kg8 43. Qd5+ Kh8 44. Qh5+ Kg8 45. Qd5+ Kh8 46. Qh5+ Kg8 47. Qd5+ 1/2-1/2

[Event "*** Titled Tuesday Blitz"]
[Site "Chess.com"]
[Date "2020.05.12"]
[Round "8"]
[White "White_Ghost"]
[Black "Boninknights"]
[Result "1-0"]
[WhiteElo "2445"]
[BlackElo "2256"]
[TimeControl "180+1"]
[EndTime "11:33:09 PDT"]
[Termination "White_Ghost won on time"]

1. d4 Nf6 2. c4 e6 3. Nf3 a6 4. g3 b5 5. Bg2 Bb7 6. cxb5 axb5 7. O-O c5 8. dxc5 Bxc5 9. Nc3 b4 10. Nb5 Qb6 11.
Nbd4 O-O 12. Nb3 d6 13. Nxc5 dxc5 14. Ne5 Bxg2 15. Kxg2 Rd8 16. Qc2 Nc6 17. Nc4 Qb7 18.
Kg1 Nd4 19. Qd3 b3 20. Bg5 Nc2 21. Nd6 Rxd6 22. Qxd6 Ne4 23. Qf4 Nxa1 24. Rxa1 bxa2 25. f3 Nxg5 26. Qxg5 Qxb2 27. Rd1 a1=Q 28. Rxa1 Rxa1+ 29. Kf2 Qd4+ 30. Kg2 Rg1+ 31. Kh3 h6 32. Qh5 Qf2 33. Qe5 Qg2+ 34. Kg4 Qxh2 35. Qb8+ Kh7 36. Qe5 Rxg3+ 37. Kf4 1-0

[Event "*** Titled Tuesday Blitz"]
[Site "Chess.com"]
[Date "2020.05.12"]
[Round "8"]
[White "zala02"]
[Black "Gandrade2"]
[Result "1-0"]
[WhiteElo "2260"]
[BlackElo "2056"]
[TimeControl "180+1"]
[EndTime "11:33:09 PDT"]
[Termination "zala02 won on time"]

1. d4 d5 2. c4 e6 3. Nc3 a6 4. cxd5 exd5 5. Bf4 c6 6. e3 Bd6 7. Bd3 Nf6 8. Nge2 O-O 9. O-O Bxf4 10. Nxf4 Re8 11. b4 Nbd7 12. Qc2 Qe7 13. Rab1 Ne4 14. a4 Ndf6 15. b5 Nxc3 16. Qxc3 cxb5 17. axb5 a5 18. b6 Bd7 19. Bb5 Ne4 20. Qd3 Bf5 21. Bxe8 Ng3 22.
Qd2 Nxf1 23. Rxf1 Rxe8 24. Nxd5 Qg5 25. Nc7 Bh3 26. f4 Qg6 27. Nxe8 h6 28. Nc7 a4 29. Nb5 Bf5 30. Nc3 a3 31. Qa2 Be6 32. Qxa3 Bh3 33. Qb2 1-0

[Event "*** Titled Tuesday Blitz"]
[Site "Chess.com"]
[Date "2020.05.12"]
[Round "8"]
[White "Batica1984"]
[Black "DanielDardha2005"]
[Result "1/2-1/2"]
[WhiteElo "2821"]
[BlackElo "2657"]
[TimeControl "180+1"]
[EndTime "11:33:10 PDT"]
[Termination "Game drawn by agreement"]

1. e4 c5 2. Nf3 Nc6 3. d4 cxd4 4. Nxd4 Nf6 5. Nc3 e5 6. Ndb5 d6 7. a4 a6 8. Na3 h6 9. Nc4 Be6 10. Be3 Be7 11. Nb6 Rb8 12. Be2 O-O 13. O-O Nd7 14. Nbd5 Bg5 15. Bc4 Rc8 16. Ba2 Bxe3 17. Nxe3 Nc5 18. Nf5 Bxf5 19. exf5 Nd4 20. Qg4 Qg5 21.
Qxg5 hxg5 22. Nd5 Nxf5 23. g4 Nd4 24. Ne7+ Kh7 25. Nxc8 Rxc8 26. Bxf7 Nxc2 27. Rac1 Nd3 28. Rcd1 Nf4 29. Rxd6 Rc7 30. Ba2 Nd4 31. Bb1+ g6 32.
Be4 Kg7 33. Rb6 Rc4 34. Rxb7+ Kf8 35. Re1 Nde2+ 36. Rxe2 Nxe2+ 37. Kf1 Rxe4 38. f3 Rc4 39. Kxe2 e4 40. fxe4 Rxe4+ 41. Kf3 Rxa4 42. b4 a5 43. bxa5 Rxa5 1/2-1/2

[Event "*** Titled Tuesday Blitz"]
[Site "Chess.com"]
[Date "2020.05.12"]
[Round "8"]
[White "ljuks68"]
[Black "bazar-wokzal"]
[Result "1-0"]
[WhiteElo "2408"]
[BlackElo "2540"]
[TimeControl "180+1"]
[EndTime "11:33:10 PDT"]
[Termination "ljuks68 won by resignation"]

1. e4 Nc6 2. Nf3 d5 3. exd5 Qxd5 4. Nc3 Qa5 5. d4 Bg4 6. d5 O-O-O 7. Bd2 Nb4 8. Bc4 Bxf3 9. gxf3 Nf6 10. a3 Qc5 11. axb4 Qxc4 12. Rxa7 Nxd5 13. Ra8+ Kd7 14. Rxd8+ Kxd8 15.
Bg5 c6 16. Rg1 f6 17. Rg4 Qa6 18. b5 Qa5 19. Ra4 Qb6 20. Nxd5 cxd5 21. Qxd5+ Kc7 22. Rc4+ Kb8 23. Be3 Qa5+ 24. c3 e5 25. Qd7 Qa1+ 26. Ke2 Qxb2+ 27. Kf1 Qb1+ 28. Kg2 Qg6+ 29. Rg4 Ba3 30.
Rxg6 hxg6 31. b6 Rc8 32. Qa4 Rxc3 33. Qa7+ Kc8 34. Qa8+ Kd7 35. Qxb7+ Ke6 36. Qa7 Bd6 37. b7 Kf5 38. b8=Q Bxb8 39. Qxb8 g5 40. Qb4 Rxe3 41. fxe3 Kg6 42. e4 Kf7 43. Qd6 Kg6 44. h3 Kf7 45.
Qd7+ Kg6 46. Qf5+ 1-0

[Event "*** Titled Tuesday Blitz"]
[Site "Chess.com"]
[Date "2020.05.12"]
[Round "8"]
[White "walkingcreep"]
[Black "Zarikovs1999"]
[Result "1-0"]
[WhiteElo "2672"]
[BlackElo "2403"]
[TimeControl "180+1"]
[EndTime "11:33:11 PDT"]
[Termination "walkingcreep won by checkmate"]

1. d4 Nf6 2. c4 e6 3. Nc3 d5 4.
cxd5 exd5 5. Bg5 c6 6. e3 Be7 7. Bd3 Be6 8. Nge2 Nbd7 9. Nf4 Bg4 10. f3 Bh5 11. Qb3 Qb6 12. g4 Bg6 13. Nxg6 hxg6 14. O-O-O Qxb3 15. axb3 Rh3 16. Rdf1 O-O-O 17. Bf4 Rdh8 18.
Bg3 Ne8 19. Rfg1 Bd6 20. f4 Nef6 21. Be2 Re8 22. Kd2 Bb4 23. Kd3 Ne4 24. Nxe4 Rxe4 25. g5 Rh8 26. Bf3 Re7 27. h4 Rhe8 28. Bf2 Nf8 29.
h5 gxh5 30. Rxh5 Ne6 31. f5 Nc7 32. Rh7 g6 33. f6 Rd7 34. Bg4 Ne6 35. Rgh1 Kc7 36.
Bg3+ Kb6 37. Bxe6 Rxe6 38. Rg7 Rd8 39. Rxf7 Rde8 40. Bf4 Bd6 41. Bxd6 Rxd6 42. Rhh7 Rde6 43. Rxb7+ Ka5 44. Rxa7+ Kb6 45. Rhb7# 1-0

[Event "*** Titled Tuesday Blitz"]
[Site "Chess.com"]
[Date "2020.05.12"]
[Round "8"]
[White "Gentlejimmy7"]
[Black "chenrip"]
[Result "1-0"]
[WhiteElo "2552"]
[BlackElo "2331"]
[TimeControl "180+1"]
[EndTime "11:33:11 PDT"]
[Termination "Gentlejimmy7 won by resignation"]

1. d4 Nf6 2. g3 e6 3. Bg2 Be7 4.
Nf3 O-O 5. O-O b5 6. a4 b4 7. a5 a6 8. Qd3 Bb7 9. Bg5 d6 10.
Bxf6 Bxf6 11. Ng5 Bxg5 12. Bxb7 Ra7 13. Be4 h6 14. Nd2 f5 15. Bg2 Nd7 16. e4 f4 17.
Nf3 Kh8 18. Nxg5 Qxg5 19. Qc4 e5 20. Qe6 Nf6 21. dxe5 Qxe5 22. Qxe5 dxe5 23. Rfd1 c5 24. Rd6 c4 25. gxf4 exf4 26. e5 Ng4 27. e6 Re8 28. Re1 Nf6 29. Bc6 Ree7 30. Ba4 c3 31. bxc3 bxc3 32.
Re5 Kh7 33. Kg2 g5 34. Rc5 Kg6 35. Rxc3 Ne4 36. Rcc6 Nxd6 37. Rxd6 Kf6 38. Bb3 g4 39. h3 h5 40. hxg4 hxg4 41. Rd8 Rh7 42. Rf8+ Ke5 43. Rf7 Rhxf7 44. exf7 Ra8 45. Kf1 Rf8 46. Ke2 Kd4 47.
Kd2 Kc5 48. Kd3 Kb5 49. Ke4 Kxa5 50. Kxf4 Kb4 51. Kg5 a5 52. Kf6 a4 53. Bxa4 Kxa4 54.
Ke7 Rb8 55. f8=Q Rxf8 56. Kxf8 Kb4 57. Kg7 Kc3 58. Kg6 Kxc2 59. Kg5 Kd3 60. Kxg4 Ke4 61. f4 Kd5 62. Kh5 Ke6 63. Kg6 Ke7 64. f5 Ke8 65.
Kg7 1-0

[Event "*** Titled Tuesday Blitz"]
[Site "Chess.com"]
[Date "2020.05.12"]
[Round "8"]
[White "zmeeed67"]
[Black "GoValya"]
[Result "1-0"]
[WhiteElo "2406"]
[BlackElo "2173"]
[TimeControl "180+1"]
[EndTime "11:33:11 PDT"]
[Termination "zmeeed67 won by resignation"]

1. d4 Nf6 2. c4 e6 3. Nc3 d5 4. cxd5 exd5 5. Bg5 Be7 6. e3 O-O 7. Bd3 h6 8. Bh4 c6 9. f3 Nbd7 10. Bf2 b5 11. Rc1 Bb7 12. Nh3 Rc8 13. O-O b4 14. Ne2 c5 15. Bb1 Ba6 16. Re1 Nb6 17.
g4 Nc4 18. b3 Na3 19. Bf5 Rc7 20.
Nhf4 c4 21. bxc4 dxc4 22. e4 c3 23. d5 Nc4 24. Nd4 Ne5 25. h4 g5 26. hxg5 hxg5 27. Nfe6 fxe6 28. Nxe6 Qd6 29. Bg3 Nfd7 30. Kg2 Qb6 31.
Nxc7 Qxc7 32. Rh1 Rf7 33. Be6 Bd6 34. Rh5 Qd8 35. Qh1 Ng6 36. Bxd6 Nf6 37. Bxf7+ Kxf7 38. Rh7+ Nxh7 39. Qxh7+ Kf6 40. e5+ Nxe5 41. Qf5+ Kg7 42.
Bxe5+ Kg8 43. Qg6+ Kf8 44. Bd6+ 1-0

[Event "*** Titled Tuesday Blitz"]
[Site "Chess.com"]
[Date "2020.05.12"]
[Round "8"]
[White "kuban1991"]
[Black "CrushingKings"]
[Result "1/2-1/2"]
[WhiteElo "2738"]
[BlackElo "2504"]
[TimeControl "180+1"]
[EndTime "11:33:13 PDT"]
[Termination "Game drawn - insufficient material"]

1. Nf3 Nf6 2. g3 g6 3. Bg2 Bg7 4. O-O O-O 5. c4 d6 6. Nc3 c5 7. d3 Nc6 8. a3 Rb8 9. Rb1 b6 10. b4 Bb7 11. Bd2 e6 12. e3 Qe7 13. Qa4 Ba8 14.
Rfd1 Rfd8 15. d4 cxd4 16. exd4 d5 17. c5 Ne4 18. b5 Nxd2 19. Rxd2 Na5 20. c6 a6 21. Bf1 axb5 22. Bxb5 Rdc8 23. Rc2 Bxc6 24. Bxc6 Rxc6 25. Nxd5 exd5 26. Rxc6 Nxc6 27. Qxc6 Qe4 28. Rb3 Bxd4 29. Qc7 Ra8 30. Nxd4 Qxd4 31. Qxb6 Qxb6 32. Rxb6 Rxa3 33. Rd6 Rd3 34. Kf1 Kf8 35. Ke2 Ke7 36. Rxg6 hxg6 37. Kxd3 Ke6 38. Kd4 Kd6 39. h4 f5 40. f3 Kc6 41. g4 fxg4 42. fxg4 Kd6 43. h5 gxh5 44. gxh5 Ke6 45. h6 Kf6 46. h7 Kg7 47.
Kxd5 Kxh7 1/2-1/2

[Event "*** Titled Tuesday Blitz"]
[Site "Chess.com"]
[Date "2020.05.12"]
[Round "8"]
[White "DariaVoit"]
[Black "ASVZ"]
[Result "1-0"]
[WhiteElo "2558"]
[BlackElo "2368"]
[TimeControl "180+1"]
[EndTime "11:33:14 PDT"]
[Termination "DariaVoit won by checkmate"]

1. d4 e6 2. Nf3 f5 3. c4 b6 4. g3 Bb7 5. Bg2 Nf6 6. O-O g6 7.
Nc3 Bg7 8. Bg5 O-O 9. Qd2 a5 10. h4 Na6 11. Qe3 Ng4 12. Qd2 Qc8 13. Rae1 h6 14.
Bf4 Kh7 15. e4 d6 16. exf5 exf5 17. Re7 Nb4 18. d5 Kg8 19. Rfe1 Rf7 20. Nh2 Nxh2 21. Kxh2 Qf8 22. Rxf7 Kxf7 23. Nb5 Re8 24. Nxc7 Rxe1 25. Qxe1 Qe7 26. Ne6 Nd3 27. Qe3 Nc5 28. Nxg7 Qxe3 29. fxe3 Kxg7 30. Bxd6 Kf6 31. Bc7 Nd7 32. e4 fxe4 33.
Bxe4 g5 34. Kg2 Nc5 35. Bf3 Nd3 36. Bxb6 Ne1+ 37. Kf2 Nxf3 38. Kxf3 a4 39. b3 gxh4 40. gxh4 Ke5 41. Ke3 a3 42. Bc5 Bc8 43. Bxa3 Bf5 44. Bb2+ Kd6 45. Kd4 Bc2 46. c5+ Kc7 47. b4 Ba4 48.
Bc1 Kd7 49. Bxh6 Kc8 50. Bf4 Kd7 51. h5 Kc8 52. h6 Bc2 53. Ke5 Bh7 54. Kf6 Kb7 55.
Kg7 Be4 56. h7 Bxh7 57. Kxh7 Ka6 58. d6 Kb5 59. d7 Kc4 60. d8=Q Kb5 61. c6 Ka4 62.
Qa5# 1-0

[Event "*** Titled Tuesday Blitz"]
[Site "Chess.com"]
[Date "2020.05.12"]
[Round "8"]
[White "Lunow"]
[Black "allvim"]
[Result "0-1"]
[WhiteElo "2079"]
[BlackElo "2272"]
[TimeControl "180+1"]
[EndTime "11:33:14 PDT"]
[Termination "allvim won on time"]

1. c4 e5 2. g3 Nf6 3. Bg2 d5 4. cxd5 Nxd5 5. Nc3 Nb6 6. Nf3 Nc6 7. O-O Be7 8. a3 O-O 9. b4 a6 10. d3 Be6 11. Be3 f5 12. Rc1 Nd5 13. Nxd5 Bxd5 14. Bc5 Kh8 15. Nd2 Bxg2 16. Kxg2 Rc8 17. Qb3 Rf6 18. Nf3 e4 19. Ng5 Qf8 20. dxe4 h6 21. Ne6 Qf7 22. exf5 Rxf5 23. Bxe7 Qxe7 24. Nf4 Qg5 25. Qe6 Rd8 26. h4 Qg4 27. f3 Rxf4 28.
fxg4 Rxf1 29. Rxf1 Nd4 30. Qe7 Rg8 31. Rf4 Nc6 32.
Qe6 a5 33. Qg6 Ne5 34. Qe4 Nc6 35. Rf7 axb4 36. Rxc7 bxa3 37. Rxb7 a2 0-1

[Event "*** Titled Tuesday Blitz"]
[Site "Chess.com"]
[Date "2020.05.12"]
[Round "8"]
[White "ZoltanChef"]
[Black "shnitez"]
[Result "0-1"]
[WhiteElo "2120"]
[BlackElo "2401"]
[TimeControl "180+1"]
[EndTime "11:33:15 PDT"]
[Termination "shnitez won on time"]

1. e4 c5 2. Nf3 e6 3. d4 cxd4 4. Nxd4 a6 5. g3 Nf6 6. Bg2 d6 7. O-O Be7 8. c4 O-O 9. b3 Nbd7 10. Bb2 Qc7 11. Nc3 b6 12. e5 dxe5 13. Nxe6 fxe6 14. Bxa8 h5 15. Bg2 h4 16. Qe2 Bb7 17. Rfe1 Bxg2 18. Kxg2 Qc6+ 19. Kg1 Bc5 20. Ne4 hxg3 21. hxg3 Nxe4 22.
Qxe4 Qxe4 23. Rxe4 Rxf2 24. Ba3 Rxa2+ 25. Bxc5 Rxa1+ 26. Kg2 bxc5 27. Re3 Kf7 28. Rd3 Ke7 29. Kf3 Rb1 30.
Ke4 a5 31. Rc3 Re1+ 32. Kf3 Nf6 33. Kf2 Ne4+ 34. Kxe1 Nxc3 35. g4 g5 36. Kd2 Ne4+ 37. Ke3 Nf6 38. Kf3 e4+ 39. Ke3 Kd6 40. Kf2 Ke5 0-1

[Event "*** Titled Tuesday Blitz"]
[Site "Chess.com"]
[Date "2020.05.12"]
[Round "8"]
[White "ALeks_Ivlev"]
[Black "sergeikim"]
[Result "1-0"]
[WhiteElo "2606"]
[BlackElo "2434"]
[TimeControl "180+1"]
[EndTime "11:33:16 PDT"]
[Termination "ALeks_Ivlev won on time"]

1. d4 Nf6 2. c4 g6 3. Nc3 Bg7 4. e4 d6 5. Be2 O-O 6. Bg5 Nbd7 7.
Qd2 a6 8. Nf3 e5 9. d5 a5 10. Qc2 h6 11. Bh4 Nc5 12. Nd2 Bd7 13. O-O Qe8 14. b3 Nh7 15. a3 f5 16. f3 h5 17. b4 Na6 18. Rab1 Bh6 19. Bf2 axb4 20. axb4 Kh8 21. c5 Nf6 22. Nc4 fxe4 23. cxd6 exf3 24. Bxf3 b5 25. Nd2 cxd6 26. Nde4 Bf5 27.
Qe2 Nxe4 28. Nxe4 Qd7 29. Rb3 Nc7 30. Rd3 Ne8 31. Rfd1 Nf6 32. Rc3 Ng4 33. Be1 Rac8 34.
Rxc8 Rxc8 35. Bd2 Bg7 36. h3 Nf6 37. Bg5 Nxe4 38. Bxe4 Rc4 39. Bxf5 Qxf5 40. Bd2 Rc2 41. Rf1 1-0

[Event "*** Titled Tuesday Blitz"]
[Site "Chess.com"]
[Date "2020.05.12"]
[Round "8"]
[White "Slovak_fighter2000"]
[Black "JozefKneht"]
[Result "1-0"]
[WhiteElo "2536"]
[BlackElo "2365"]
[TimeControl "180+1"]
[EndTime "11:33:16 PDT"]
[Termination "Slovak_fighter2000 won by resignation"]

1. Nf3 d5 2. c4 e6 3. g3 Nf6 4.
Bg2 Be7 5. b3 O-O 6. Bb2 c5 7.
O-O d4 8. e3 Nc6 9. exd4 cxd4 10.
d3 e5 11. Re1 Nd7 12. Na3 Re8 13. Nc2 a5 14. Nd2 Bf8 15. a3 Nc5 16. Qe2 Bf5 17. Ne4 Nxb3 18. Rab1 Qc7 19. Bc1 Nxc1 20. Rexc1 Rab8 21. Rb5 b6 22. Rcb1 Bd7 23. R5b3 Na7 24. R3b2 b5 25. cxb5 Nxb5 26. a4 Nc3 27. Nxc3 Rxb2 28.
Rxb2 Qxc3 29. Rb7 Bxa4 30. Ne1 Bb3 31. Ra7 a4 32. Nf3 Bd6 33. Nd2 g6 34. Ne4 Qc1+ 35. Bf1 Be7 36. Nd2 Qc5 37. Ra6 Qb5 38. Ra7 Qb6 39.
Rd7 Be6 40. Rxe7 Rxe7 41. Qxe5 a3 42. Ne4 Rb7 43. Nf6+ Kf8 44. Nxh7+ Ke8 45. Nf6+ Ke7 46. Nd5+ 1-0

[Event "*** Titled Tuesday Blitz"]
[Site "Chess.com"]
[Date "2020.05.12"]
[Round "8"]
[White "Philos_85"]
[Black "Vamostodorecto"]
[Result "1-0"]
[WhiteElo "2309"]
[BlackElo "2442"]
[TimeControl "180+1"]
[EndTime "11:33:16 PDT"]
[Termination "Philos_85 won by resignation"]

1. d4 Nf6 2. Nf3 g6 3. Bg5 Bg7 4. Nbd2 O-O 5. c3 d5 6. e3 c5 7.
Be2 b6 8. O-O Bb7 9. b4 cxb4 10.
cxb4 Ne4 11. Nxe4 dxe4 12. Nd2 Nd7 13. Qb3 h6 14. Bh4 g5 15. Bg3 e5 16. dxe5 Nxe5 17. Rad1 Qe7 18. Nc4 Nd3 19. Bd6 Qe6 20. Bxf8 Rxf8 21.
Nd2 Bd5 22. Qa3 f5 23. Bxd3 exd3 24. Qxd3 f4 25. exf4 Rxf4 26. Nb3 Be4 27. Qd8+ Kh7 28. Nd4 Qg4 29. f3 Bxd4+ 30. Qxd4 Bxf3 31. Qd7+ Kg6 32.
Qxg4 Bxg4 33. Rxf4 Bxd1 34. Rd4 Ba4 35. Kf2 Bb5 36. Ke3 Kf5 37. Rd6 h5 38. Rh6 h4 39.
Rh7 Bc6 40. Kf2 a6 41. Rh6 Bd5 42. Rxb6 Bc4 43. a4 g4 44. b5 Kf4 45. bxa6 g3+ 46. hxg3+ hxg3+ 47. Kg1 1-0

[Event "*** Titled Tuesday Blitz"]
[Site "Chess.com"]
[Date "2020.05.12"]
[Round "8"]
[White "rynos0411"]
[Black "FGHSMN"]
[Result "0-1"]
[WhiteElo "2325"]
[BlackElo "2499"]
[TimeControl "180+1"]
[EndTime "11:33:16 PDT"]
[Termination "FGHSMN won by resignation"]

1. d4 Nf6 2. c4 e6 3. Nf3 d5 4. Nc3 c6 5. Bg5 h6 6. Bh4 dxc4 7. a4 Bb4 8. Bxf6 Qxf6 9. e3 b5 10. Be2 O-O 11. O-O a6 12. Ne4 Qe7 13. b3 cxb3 14.
axb5 cxb5 15. Bxb5 b2 16. Ra2 axb5 17. Rxa8 Bb7 18. Ra7 Bxe4 19. Rxe7 b1=Q 20. Qxb1 Bxb1 21. Rb7 Bd3 22. Rd1 Be2 23. Rb1 Bd6 24. Rb2 Bd3 25.
Ne5 Bxe5 26. dxe5 Nc6 27. f4 Bc4 28. Kf2 Rc8 29. Rc2 Rd8 30. Rc7 Nb4 31. Rc3 Nd5 32.
R7xc4 bxc4 33. Rxc4 Rb8 34. g3 Rb2+ 35. Kf3 Rb3 36.
Re4 Kh7 37. Kf2 Rb2+ 38. Kf3 Rxh2 39. g4 Rh3+ 40. Kf2 Rh2+ 41. Kf3 Rb2 42. Rd4 Rb3 43.
f5 Rxe3+ 44. Kf2 Rxe5 45. fxe6 fxe6 46. Kf3 Nf6 47. Ra4 Re4 48. Rxe4 Nxe4 49. Kxe4 Kg6 0-1

[Event "*** Titled Tuesday Blitz"]
[Site "Chess.com"]
[Date "2020.05.12"]
[Round "8"]
[White "FMalexhdez"]
[Black "AndriiTop"]
[Result "1-0"]
[WhiteElo "2066"]
[BlackElo "2324"]
[TimeControl "180+1"]
[EndTime "11:33:17 PDT"]
[Termination "FMalexhdez won on time"]

1. e4 c6 2. d4 d5 3. exd5 cxd5 4. Bd3 Nf6 5. c3 Nc6 6. Bg5 g6 7. Nd2 Bg7 8. Ngf3 O-O 9. O-O Bf5 10. Qc2 e6 11. Rfe1 Rc8 12. Bxf5 gxf5 13. Qd3 Qb6 14. Bxf6 Bxf6 15. b4 Kh8 16. a4 a5 17. b5 Ne7 18.
Ne5 Qc7 19. Rac1 Ng6 20. Nxg6+ hxg6 21. c4 dxc4 22. Rxc4 Qd7 23. Rec1 Kg7 24. Nf3 Rxc4 25. Qxc4 Qd6 26. Qc7 Qa3 27. h4 Qxa4 28. Qxb7 Qb4 29.
b6 Bxd4 30. Nxd4 Qxd4 31. g3 a4 32. Qa6 Rb8 33. b7 Qb2 34. Rc7 a3 35. Qxe6 Rf8 36. b8=Q Qxb8 37. Qe5+ Kg8 38. Qa5 a2 39. Ra7 Qb1+ 40.
Kg2 Re8 41. Qxa2 Qe4+ 42. Kh2 1-0

[Event "*** Titled Tuesday Blitz"]
[Site "Chess.com"]
[Date "2020.05.12"]
[Round "8"]
[White "awesomevishesh"]
[Black "Sjakkerntobi"]
[Result "1-0"]
[WhiteElo "2444"]
[BlackElo "2294"]
[TimeControl "180+1"]
[EndTime "11:33:18 PDT"]
[Termination "awesomevishesh won by checkmate"]

1. d4 d5 2. c4 e6 3. Nf3 Nf6 4. g3 dxc4 5. Bg2 Be7 6. O-O O-O 7. Qc2 a6 8. a4 Nc6 9. Qxc4 Rb8 10. e3 Nd5 11. Bd2 Bd7 12. Rc1 b5 13. axb5 axb5 14. Qe2 Nb6 15. Nc3 b4 16. Ne4 e5 17. dxe5 Bf5 18.
Nh4 Bxe4 19. Bxe4 Nxe5 20. Nf5 Bf6 21. Bxb4 Re8 22. Rd1 Qc8 23. Rac1 g6 24. Nd6 cxd6 25. Rxc8 Rbxc8 26. Bxd6 Nbc4 27. Bxe5 Nxe5 28. Bd5 Bg7 29. b4 Rb8 30. b5 Red8 31. Qa2 Kf8 32. Qa3+ Kg8 33.
Qb3 Kf8 34. Kg2 Rb6 35. Qb4+ Kg8 36. Qc5 Rdb8 37. Bc6 f6 38. h4 Bf8 39. Qd5+ Kg7 40.
Ra1 Nxc6 41. bxc6 Kh6 42. Ra7 Bg7 43. c7 Rc8 44. Qd7 Rxc7 45. Qxc7 Re6 46. Qxg7+ Kh5 47. Qxh7+ Kg4 48. Qxg6# 1-0

[Event "*** Titled Tuesday Blitz"]
[Site "Chess.com"]
[Date "2020.05.12"]
[Round "8"]
[White "RaunakSadhwani2005"]
[Black "Revnov"]
[Result "1-0"]
[WhiteElo "2837"]
[BlackElo "2682"]
[TimeControl "180+1"]
[EndTime "11:33:19 PDT"]
[Termination "RaunakSadhwani2005 won by resignation"]

1. e4 c5 2. Nc3 a6 3. g3 b5 4.
Bg2 Bb7 5. d3 b4 6. Nce2 d5 7.
exd5 Bxd5 8. Nf3 Nf6 9. O-O e6 10. Nf4 Bc6 11. Re1 Be7 12. Ne5 Bxg2 13. Kxg2 O-O 14.
Qf3 Ra7 15. Bd2 Bd6 16. a3 Bxe5 17. Rxe5 Nbd7 18. Ree1 b3 19. cxb3 Qb6 20. b4 cxb4 21.
Be3 Qb8 22. Bxa7 Qxa7 23. axb4 Rb8 24. Ra4 h6 25. h4 Rb5 26. Qc6 Rb6 27. Qc8+ Kh7 28.
d4 g6 29. Rea1 Rb8 30. Qc2 Rb6 31. h5 Qb7+ 32. Kg1 e5 33. hxg6+ Kg7 34. Nd3 exd4 35.
Nc5 Qd5 36. Nxd7 Nxd7 37. Ra5 Qe6 38. gxf7 Ne5 39. Qe4 Rb5 40. Rxb5 axb5 41. f4 1-0